 Dungeon Crawl Stone Soup version 0.28-a0-1347-g113dc556a4 (webtiles) character file.

Game seed: 7073991141273226639

316634 tilp the Pyromancer (level 20, -1/180 HPs)
             Began as a Red Draconian Cinder Acolyte on Dec 29, 2021.
             Was a High Priest of Ignis.
             Killed from afar by an ironbound frostheart (17 damage)
             ... by creeping frost
             ... on level 3 of the Vaults on Dec 30, 2021.
             The game lasted 02:37:07 (99196 turns).

tilp the Pyromancer (Red Draconian Cinder Acolyte) Turns: 99196, Time: 02:37:07

Health: -1/180     AC: 23    Str: 17      XL:     20   Next: 53%
Magic:  27/30      EV: 14    Int: 23      God:    Ignis [*****.]
Gold:   1533       SH:  4    Dex:  7 (9)  Spells: 3/39 levels left

rFire   + + +      SeeInvis +   a - +8 morningstar "Yckuib" {freeze, +Blink rPois Dex+2 SInv}
rCold   + . .      Faith    .   o - +0 buckler
rNeg    . . .      Spirit   .   (armour unavailable)
rPois   +          Reflect  .   n - +2 hat
rElec   .          Harm     .   M - scarf {rC+ rF+}
rCorr   .          Rampage  .   S - +3 pair of gauntlets of War {Slay+5}
Will    +....                   g - +2 pair of boots
Stlth   +++.......              y - amulet of magic regeneration
HPRegen 0.40/turn               z - +4 ring of slaying
MPRegen 0.62/turn               W - +4 ring of protection

@: marked
A: breathe fire, AC +10, unfitting armour, fire resistance 1, cold-blooded, low
mp 1
}: 2/15 runes: serpentine, gossamer
a: Breathe Fire, Renounce Religion, Evoke Blink, Fiery Armour, Foxfire Swarm,
Rising Flame


You were on level 3 of the Vaults.
You worshipped Ignis.
Ignis was extremely pleased with you.
You visited 6 branches of the dungeon, and saw 34 of its levels.
You also visited: Ossuary and Desolation.

You collected 5724 gold pieces.
You spent 4191 gold pieces at shops.

Inventory:

Hand Weapons
 a - the +8 morningstar "Yckuib" (weapon) {freeze, +Blink rPois Dex+2 SInv}
   (You found it on level 2 of the Vaults)

   It freezes those it strikes, dealing additional cold damage.
   It can also slow down cold-blooded creatures.
   Dex:       It affects your dexterity (+2).
   rPois:     It protects you from poison.
   SInv:      It lets you see invisible.
   +Blink:    It lets you blink.
Missiles
 e - 112 poisoned darts (quivered)
 w - 2 throwing nets
 G - 18 boomerangs
Armour
 g - a +2 pair of boots (worn)
 n - a +2 hat (worn)
 o - a +0 buckler (worn)
 M - a scarf of resistance (worn)
 S - the +3 pair of gauntlets of War (worn) {Slay+5}
   (You acquired it on level 15 of the Dungeon)

   Slay:      It affects your accuracy & damage with ranged weapons and melee
   (+5).
Jewellery
 d - an amulet of reflection
 h - a ring of see invisible
 i - a +6 ring of intelligence
 y - an amulet of magic regeneration (around neck)
 z - a +4 ring of slaying (left hand)
 R - a ring of protection from cold
 W - a +4 ring of protection (right hand)
Wands
 v - a wand of paralysis (16)
 E - a wand of digging (15)
 F - a wand of acid (12)
 I - a wand of polymorph (12)
 K - a wand of charming (9)
 U - a wand of iceblast (31)
 Z - a wand of mindburst (9)
Scrolls
 f - 15 scrolls of teleportation
 m - 9 scrolls of vulnerability
 q - 8 scrolls of immolation
 r - 2 scrolls of blinking
 s - 3 scrolls of magic mapping
 t - a scroll of silence
 u - 2 scrolls of fog
 A - 4 scrolls of enchant armour
 L - 3 scrolls of amnesia
 N - 2 scrolls of summoning
 Q - a scroll of fear
 T - 3 scrolls of holy word
Potions
 c - 2 potions of resistance
 j - a potion of flight
 k - 3 potions of curing
 l - 2 potions of might
 p - 3 potions of cancellation
 x - a potion of invisibility
 B - 3 potions of berserk rage
 C - 5 potions of mutation
 H - 3 potions of attraction
 O - 6 potions of haste
 P - a potion of lignification
 V - 3 potions of ambrosia
 X - 8 potions of brilliance
 Y - 4 potions of magic
Miscellaneous
 b - a condenser vane
 D - a box of beasts
 J - a tin of tremorstones (2/2)


   Skills:
 - Level 16.0 Fighting
 - Level 16.0 Maces & Flails
 + Level 11.2 Dodging
 - Level 8.0 Stealth
 - Level 4.0 Shields
 - Level 10.0 Spellcasting
 - Level 18.0 Conjurations
 - Level 21.0 Fire Magic
 + Level 8.5 Evocations


You had 3 spell levels left.
You knew the following spells:

 Your Spells              Type           Power      Damage    Failure   Level
a - Scorch                Fire           100%       2d10      0%          2
b - Foxfire               Conj/Fire      100%       2x1d9     0%          1
c - Conjure Flame         Conj/Fire      79%        6-21      0%          3
d - Sticky Flame          Conj/Fire      79%        2d9       1%          4
e - Flame Wave            Conj/Fire      79%        2d11      1%          4
f - Fireball              Conj/Fire      39%        3d16      1%          5
g - Inner Flame           Hex/Fire       56%        N/A       1%          3
h - Starburst             Conj/Fire      39%        6d11      1%          6
i - Ignition              Fire           41%        3d12      7%          8

Your spell library contained the following spells:

 Spells                   Type           Power      Damage    Failure   Level
 Magic Dart               Conj           100%       1d8       0%          1
 Shock                    Conj/Air       100%       1d9       1%          1
 Static Discharge         Conj/Air       52%        N/A       1%          2
 Ignite Poison            Fire/Tmut/Pois 43%        N/A       1%          3
 Mephitic Cloud           Conj/Pois/Air  39%        N/A       1%          3
 Animate Skeleton         Necr           22%        N/A       5%          1
 Apportation              Tloc           22%        N/A       5%          1
 Beastly Appendage        Tmut           22%        N/A       5%          1
 Pain                     Necr           44%        1d6       5%          1
 Sting                    Tmut/Pois      44%        1d5       5%          1
 Summon Small Mammal      Summ           44%        N/A       5%          1
 Call Imp                 Summ           11%        N/A       9%          2
 Corpse Rot               Necr/Air       22%        N/A       9%          2
 Ensorcelled Hibernation  Hex/Ice        22%        N/A       9%          2
 Poisonous Vapours        Pois/Air       22%        N/A       9%          2
 Wereblood                Tmut           11%        N/A       9%          2
 Call Canine Familiar     Summ           11%        N/A       17%         3
 Frozen Ramparts          Ice            22%        1d4       17%         3
 Spider Form              Tmut/Pois      11%        N/A       17%         3
 Summon Guardian Golem    Hex/Summ       11%        N/A       17%         3
 Swiftness                Air            11%        N/A       17%         3
 Vampiric Draining        Necr           11%        2d6       17%         3
 Iskenderun's Battlesphe  Conj           76%        2d12      1%          5
 Orb of Destruction       Conj           38%        9d13      3%          7
 Freezing Cloud           Conj/Ice/Air   19%        6-21      13%         5
 Conjure Ball Lightning   Conj/Air       26%        3x3d7     22%         6
 Airstrike                Air            5%         N/A       50%         4
 Animate Dead             Necr           5%         N/A       50%         4
 Dispel Undead            Necr           11%        3d9       50%         4
 Ice Form                 Ice/Tmut       11%        N/A       50%         4
 Olgreb's Toxic Radiance  Pois           11%        N/A       50%         4
 Petrify                  Tmut/Erth      11%        N/A       50%         4
 Summon Ice Beast         Ice/Summ       11%        N/A       50%         4
 Spellforged Servitor     Conj/Summ      26%        N/A       75%         7
 Agony                    Necr           11%        N/A       83%         5
 Borgnjor's Vile Clutch   Necr/Erth      5%         N/A       83%         5
 Excruciating Wounds      Necr           5%         N/A       83%         5
 Metabolic Englaciation   Hex/Ice        5%         N/A       83%         5
 Summon Forest            Summ/Tloc      5%         N/A       83%         5
 Summon Mana Viper        Hex/Summ       11%        N/A       83%         5
 Death Channel            Necr           5%         N/A       100%        6
 Eringya's Noxious Bog    Tmut/Pois      5%         N/A       100%        6
 Statue Form              Tmut/Erth      7%         N/A       100%        6
 Summon Cactus Giant      Summ           5%         N/A       100%        6
 Malign Gateway           Summ/Tloc      5%         N/A       100%        7
 Summon Hydra             Summ           5%         N/A       100%        7
 Summon Horrible Things   Summ           5%         N/A       100%        8


Dungeon Overview and Level Annotations

Branches:
Dungeon (15/15)            Temple (0/1) D:5            Lair (6/6) D:9
  Snake (4/4) Lair:2       Spider (4/4) Lair:2        Slime (0/5) Lair:6
    Orc (2/2) D:10            Elf (0/3) Orc:2        Vaults (3/5) D:14
  Crypt (0/3) Vaults:2     Depths (0/4) D:15        Ossuary (visited)
Desolation (visited)

Altars:
Gozag
Hepliaklqana
Kikubaaqudgha
Okawaru
Yredelemnul
Zin

Shops:
D:4 ?   D:7 *   D:8 (   D:10 (   D:15 :   Orc:2 ?:??*   Snake:2 *(*   Snake:4 [

Portals:
Trove: D:11 (give 17 scrolls of teleportation)

Annotations:
D:10 exclusion: orange crystal statue
D:14 3 runed translucent doors, Lerchi's ghost, journeyman TrMo; Raquercha's ghost, journeyman GrFi
Snake:4 2 runed translucent doors (laj of order), ma3's ghost, adept HOBr


Innate Abilities, Weirdness & Mutations

You can breathe blasts of fire.
Your fiery red scales are hard. (AC +10)
You cannot fit into any form of body armour.
Your flesh is heat resistant. (rF+)
You are cold-blooded and may be slowed by cold attacks.
Your magical capacity is low. (-10% MP)


Message History

The cyan ugly thing basks in the mutagenic energy from its kin and changes!
An ironbound frostheart comes into view.
The white ugly thing tail-slaps you! The white ugly thing freezes you!
You resist.
You barely miss the ironbound frostheart.
You tail-slap the ironbound frostheart!
The ironbound frostheart is moderately wounded.
The ironbound frostheart touches you but does no damage.
The ironbound frostheart touches you. The ironbound frostheart freezes you.
You resist.
The ironbound frostheart calls freezing cold from the walls.
The frost grips you.
You are encased in ice.
A dire elephant comes into view.
The white ugly thing closely misses you.
The ironbound frostheart calls freezing cold from the walls.
The frost grips you! You partially resist. The ice encasing you melts away.
A dire elephant comes into view.
You puncture the dire elephant! You freeze the dire elephant.
The dire elephant is lightly wounded.
The white ugly thing tail-slaps you.
* * * LOW HITPOINT WARNING * * *
The white ugly thing freezes you! You resist.
* * * LOW HITPOINT WARNING * * *
The ironbound frostheart touches you.
* * * LOW HITPOINT WARNING * * *
The ironbound frostheart freezes you! You resist.
* * * LOW HITPOINT WARNING * * *
The dire elephant closely misses you. x2
The dire elephant tramples you!
* * * LOW HITPOINT WARNING * * *
You hold your ground!
You block the dire elephant's attack. The dire elephant tramples you!
* * * LOW HITPOINT WARNING * * *
You stumble backwards!
Unknown command.
The ironbound frostheart calls freezing cold from the walls.
The frost grips you! You partially resist.
You die...

#..# #...#...'..........?. #..#
#...#...'....##'##... #..#
#.u.#..##...##...##.. #..#
#...#[##....#)...(#.. #.u#
#...###..[..##...##.) #.)#
#p.u#........##'##..# ###u)#
#..u#...#''#.......## ..#).#
#.YY#..##..##.....##.
..#..#'######...@..#....#.....#).
..).............#..#"...#.....#..
..#.............#################
..#.............#
..#.............#
###..######'##..# #..#.....(.#..#
#..#.......#..# .(#.......#..#


You could see 2 dire elephants, 3 ugly things and an ironbound frostheart.

Vanquished Creatures
  Vashnia (Snake:3)
  Arachne (Spider:4)
  Rupert (Lair:4)
  Mlioglotl (Snake:1)
  2 liches (D:14)
  Kirke (Snake:3)
  Agnes (Snake:1)
  2 nagarajas (Snake:4)
  5 vault wardens
  15 emperor scorpions
  5 ghost moths
  2 orc warlords
  10 ironbound preservers
  A quicksilver ooze (shapeshifter) (D:15)
  4 very ugly things (Vaults:1)
  A war gargoyle (Vaults:2)
  3 broodmothers
  4 ironbound thunderhulks
  Nessos (D:13)
  5 entropy weavers
  9 dire elephants
  A halazid warlock (Desolation)
  4 spark wasps
  2 ettins
  2 deep elf high priests (Vaults:3)
  5 yaktaur captains
  A crystal guardian (Vaults:2)
  3 great orbs of eyes
  2 servants of whispers
  7 boulder beetles
  16 hydras
  2 peacekeepers
  4 salamander tyrants (Snake:4)
  2 catoblepae
  10 naga warriors
  An ogre mage (Vaults:1)
  5 centaur warriors
  12 anacondas
  2 ironbound frosthearts (Vaults:2)
  7 two-headed ogres
  3 death knights
  A jorogumo (Spider:3)
  2 radroaches
  7 death yaks
  4 orc high priests (Orc:2)
  A tengu warrior (D:14)
  Nergalle (Lair:4)
  18 naga sharpshooters
  5 shock serpents
  6 pharaoh ants
  2 sun moths
  7 salamander mystics
  4 skeletal warriors
  2 goliath frogs (Lair:6)
  A glowing orange brain (Vaults:1)
  2 sea snakes (Snake:2)
  20 deep trolls
  6 steelbarb worms
  3 naga ritualists
  12 lindwurms
  8 orb spiders
  5 wizards
  A phantasmal warrior (D:15)
  4 necromancers
  15 orc knights
  6 ironbound convokers
  5 harpies (Vaults:2)
  2 deep elf pyromancers
  8 mana vipers
  26 wolf spiders
  5 manticores
  7 orc sorcerers
  18 ugly things
  22 slime creatures
  18 salamanders
  4 cyclopes
  8 elephants
  5 moths of wrath
  10 guardian serpents
  Maurice (Orc:1)
  10 vault sentinels
  48 black mambas
  9 torpor snails
  19 naga magi
  28 cane toads
  Joseph (Lair:1)
  2 gargoyles
  6 rime drakes
  2 kobold demonologists (D:13)
  18 komodo dragons
  An unseen horror (D:12)
  An efreet (D:13)
  11 yaktaurs
  8 freezing wraiths
  9 demonic crawlers
  A guardian mummy (D:11)
  15 meliai
  12 trolls
  3 tyrant leeches (Lair:6)
  4 polar bears
  16 blink frogs
  8 saltlings
  21 tarantellas
  5 dream sheep
  Grinder (D:3)
  A hornet (shapeshifter) (D:13)
  A dream sheep (shapeshifter) (Vaults:3)
  16 jumping spiders
  15 culicivoras
  2 vampires
  4 wyverns
  3 wraiths
  A shadow (D:9)
  50 yaks
  10 vampire mosquitoes
  4 basilisks
  7 hogs
  A redback simulacrum (D:14)
  48 redbacks
  2 steam dragons
  4 wargs
  43 nagas
  25 water moccasins
  2 black bears
  2 sky beasts (D:7)
  27 orc warriors
  An ice beast (D:5)
  2 necrophages
  6 ogres
  8 wolves
  9 centaurs
  A phantom (D:5)
  The ghost of TheNamelessOne the Shooter, an amateur OpWn (D:3)
  6 kobold brigands
  22 bullfrogs
  A scorpion (D:5)
  2 wyvern zombies
  3 water moccasin zombies
  12 killer bees
  7 howler monkeys
  5 wights
  3 electric eels
  2 centaur zombies
  4 lava snakes (D:10)
  A bullfrog zombie (D:7)
  Crazy Yiuf (D:5)
  A jelly (D:6)
  2 hounds
  A bullfrog skeleton (D:6)
  18 orc priests
  A gnoll shaman (D:5)
  An iguana (D:5)
  23 orc wizards
  A hound skeleton (D:3)
  A mummy (Ossuary)
  2 howler monkey zombies
  9 gnolls
  11 adders
  A shadow imp (D:5)
  A white imp (D:6)
  3 ufetubi
  3 worms
  2 dart slugs
  81 orcs
  6 ball pythons
  6 endoplasms
  2 giant cockroaches (D:1)
  7 goblins
  9 hobgoblins
  9 jackals
  3 quokkas
  A ball python zombie (D:3)
  3 bats
  3 frilled lizards
  5 gnoll skeletons (Ossuary)
  21 kobolds
  6 kobold skeletons (Ossuary)
  14 orc skeletons (Ossuary)
  A quokka zombie (D:4)
  14 rats
  A rat zombie (D:4)
1345 creatures vanquished.

Vanquished Creatures (collateral kills)
  An orc warlord (Orc:2)
  Aizul (Snake:1)
  2 orcs (Orc:2)
  A butterfly (Lair:4)
5 creatures vanquished.

Vanquished Creatures (others)
  132 foxfires
  59 fungi
  133 plants
324 creatures vanquished.

Grand Total: 1674 creatures vanquished

Notes
Turn   | Place    | Note
-------+----------+-------------------------------------------
     0 | D:1      | tilp the Draconian Cinder Acolyte began the quest for the
                  | Orb.
     0 | D:1      | Reached XP level 1. HP: 19/19 MP: 2/2
   199 | D:1      | Found a faded altar of an unknown god.
   211 | D:1      | Reached XP level 2. HP: 24/26 MP: 3/3
   235 | D:1      | Learned a level 2 spell: Scorch
   719 | D:1      | Reached XP level 3. HP: 31/31 MP: 4/4
  1863 | D:2      | Found a hazy altar of Hepliaklqana.
  1878 | D:2      | Reached XP level 4. HP: 38/38 MP: 0/5
  2072 | D:2      | Reached skill level 5 in Maces & Flails
  2779 | D:3      | Noticed Grinder
  3189 | D:3      | Reached XP level 5. HP: 45/45 MP: 1/6
  3364 | D:3      | Found a runed translucent gate.
  3365 | D:3      | Found a runed translucent gate.
  3365 | D:3      | Found a runed translucent gate.
  3366 | D:3      | Found an opulent altar of Gozag.
  3372 | D:3      | Noticed TheNamelessOne's ghost (amateur OpWn)
  3904 | D:3      | Reached skill level 1 in Stealth
  4141 | D:4      | Noticed a necrophage
  4159 | D:3      | Killed a necrophage
  4160 | D:3      | Reached skill level 1 in Dodging
  4160 | D:3      | Reached skill level 1 in Shields
  4160 | D:3      | Reached XP level 6. HP: 38/52 MP: 1/7
  4232 | D:4      | Found Caluc's Magic Scroll Shoppe.
  4255 | D:4      | Bought a scroll of identify for 28 gold pieces
  4255 | D:4      | Bought a scroll of teleportation for 42 gold pieces
  4255 | D:4      | Bought a scroll of magic mapping for 49 gold pieces
  4281 | D:4      | Found a sand-covered staircase.
  4292 | Ossuary  | Entered an ossuary
  4292 | Ossuary  | Noticed a wraith
  4292 | Ossuary  | Noticed a wraith
  4292 | Ossuary  | Noticed a wraith
  4565 | Ossuary  | Noticed a wraith
  4822 | D:4      | Your scales start taking on a fiery red colour.
  4822 | D:4      | Reached XP level 7. HP: 59/59 MP: 3/8
  4822 | D:4      | Gained mutation: Your flesh is heat resistant. (rF+) [Red
                  | Draconian growth]
  5015 | D:4      | Reached skill level 4 in Fire Magic
  5825 | D:4      | Bought a scroll of fog for 28 gold pieces
  5860 | D:5      | Entered Level 5 of the Dungeon
  5883 | D:5      | Learned a level 1 spell: Foxfire
  5887 | D:5      | Learned a level 3 spell: Conjure Flame
  5892 | D:5      | Learned a level 4 spell: Sticky Flame
  5971 | D:5      | Reached skill level 1 in Conjurations
  6228 | D:5      | Reached skill level 5 in Fire Magic
  6652 | D:5      | Reached XP level 8. HP: 50/66 MP: 1/12
  7048 | D:5      | Found a staircase to the Ecumenical Temple.
  7160 | D:5      | Reached skill level 6 in Fire Magic
  7494 | D:5      | Found a runed translucent door.
  7495 | D:5      | Noticed Crazy Yiuf
  7790 | D:4      | Bought a scroll of enchant armour for 105 gold pieces
  8208 | D:6      | Found a glowing silver altar of Zin.
  8448 | D:6      | Identified the +1 leather armour "Foijeapt" {Str+3}
  8754 | D:6      | Reached skill level 7 in Fire Magic
  9294 | D:7      | Reached skill level 8 in Fire Magic
  9327 | D:7      | Reached skill level 1 in Evocations
  9456 | D:7      | Found Zibimiz's Fire Supplies.
  9767 | D:7      | Noticed a cyclops
  9781 | D:7      | Killed a cyclops
  9782 | D:7      | Reached XP level 9. HP: 71/71 MP: 4/13
  9787 | D:7      | Learned a level 4 spell: Flame Wave
 10328 | D:8      | Found Nedese's Hydra Hut.
 10661 | D:8      | Noticed a seven-headed hydra
 10822 | D:8      | Reached skill level 5 in Fighting
 10986 | D:8      | Noticed a gargoyle
 10993 | D:8      | Killed a gargoyle
 11358 | D:8      | Reached XP level 10. HP: 64/83 MP: 3/14
 11755 | D:8      | Identified a scroll of acquirement
 11755 | D:8      | Acquired a book of the Spheres
 11867 | D:9      | Noticed a green ugly thing
 11874 | D:9      | Killed a green ugly thing
 12848 | D:9      | Reached skill level 10 in Maces & Flails
 13743 | D:9      | Noticed a two-headed ogre
 13759 | D:9      | Killed a two-headed ogre
 14025 | D:9      | Reached XP level 11. HP: 89/89 MP: 6/15
 14356 | D:9      | Noticed a deep elf pyromancer
 14363 | D:9      | Killed a deep elf pyromancer
 14603 | D:9      | Found a staircase to the Lair.
 14661 | D:10     | Entered Level 10 of the Dungeon
 14732 | D:10     | Found Venimodghi's Weapon Boutique.
 14788 | D:10     | Noticed an orange crystal statue
 14799 | D:10     | Noticed a catoblepas
 15704 | D:10     | Found a staircase to the Orcish Mines.
 16901 | D:10     | Killed a catoblepas
 17386 | D:11     | Noticed a death knight
 17387 | D:11     | Noticed a skeletal warrior
 17486 | D:11     | Noticed a two-headed ogre
 17498 | D:11     | Killed a two-headed ogre
 18131 | D:11     | Noticed a two-headed ogre
 18276 | D:11     | Found a portal to a secret trove of treasure.
 18607 | D:11     | Noticed a four-headed hydra
 18616 | D:11     | Killed a four-headed hydra
 18617 | D:11     | Reached skill level 5 in Conjurations
 18939 | D:11     | Killed a two-headed ogre
 18940 | D:11     | Reached skill level 9 in Fire Magic
 19129 | D:11     | Reached XP level 12. HP: 95/96 MP: 10/18
 19403 | Lair:1   | Entered Level 1 of the Lair of Beasts
 19433 | D:9      | Learned a level 5 spell: Fireball
 20074 | Lair:1   | Reached skill level 5 in Spellcasting
 20233 | Lair:1   | Noticed a four-headed hydra
 20256 | Lair:1   | Killed a four-headed hydra
 20257 | Lair:1   | Reached skill level 10 in Fire Magic
 20562 | Lair:1   | Noticed Joseph
 21741 | Lair:2   | Found a hole to the Spider Nest.
 21811 | Lair:2   | Reached skill level 5 in Dodging
 21815 | Lair:2   | Noticed an eight-headed hydra
 22500 | D:8      | Bought a +1 war axe of flaming for 146 gold pieces
 22670 | Lair:2   | Found a staircase to the Snake Pit.
 22843 | Lair:2   | Noticed a seven-headed hydra
 22882 | Lair:2   | Killed a three-headed hydra
 23161 | Lair:2   | Killed an eight-headed hydra
 23948 | Lair:2   | Noticed a seven-headed hydra
 23948 | Lair:2   | Noticed a four-headed hydra
 23955 | Lair:2   | Killed a one-headed hydra
 23960 | Lair:2   | HP: 3/101 [four-headed hydra (12)]
 23960 | Lair:2   | HP: 1/101 [four-headed hydra (2)]
 24266 | Lair:2   | Killed a four-headed hydra
 24444 | Lair:2   | Reached XP level 13. HP: 107/107 MP: 12/21
 25093 | Lair:2   | Reached skill level 11 in Fire Magic
 26184 | Lair:2   | Reached skill level 12 in Fire Magic
 26656 | Lair:2   | Reached skill level 10 in Conjurations
 27236 | Lair:2   | Reached XP level 14. HP: 119/119 MP: 23/23
 27241 | Lair:2   | Learned a level 3 spell: Inner Flame
 27299 | Lair:3   | Reached skill level 10 in Fighting
 27739 | Lair:3   | Acquired 797 gold pieces
 29057 | Lair:4   | Noticed Rupert
 29978 | Lair:4   | Killed Rupert
 29979 | Lair:4   | Reached skill level 13 in Fire Magic
 30143 | Lair:4   | Noticed Nergalle
 30169 | Lair:4   | Killed Nergalle
 31748 | Lair:5   | Reached XP level 15. HP: 126/126 MP: 15/24
 32036 | Lair:5   | Identified the +1 flail "Cuach" {protect, Str+4}
 32892 | D:3      | Killed Grinder
 32969 | D:3      | Killed TheNamelessOne's ghost
 33117 | D:5      | Killed Crazy Yiuf
 33370 | Lair:1   | Killed Joseph
 33604 | Lair:6   | Entered Level 6 of the Lair of Beasts
 34113 | Lair:6   | Reached skill level 14 in Fire Magic
 35478 | Lair:6   | Reached skill level 15 in Fire Magic
 37530 | Lair:6   | Found a staircase to the Slime Pits.
 37587 | Lair:6   | Reached skill level 15 in Maces & Flails
 38129 | Orc:1    | Entered Level 1 of the Orcish Mines
 38150 | Orc:1    | Noticed Maurice
 38435 | Orc:1    | Killed Maurice
 39201 | Orc:2    | Entered Level 2 of the Orcish Mines
 39316 | Orc:2    | Found Zoruef's Magic Scroll Boutique.
 41078 | Orc:2    | Noticed an orc warlord
 41142 | Orc:2    | Killed an orc warlord
 41661 | Orc:2    | Found a staircase to the Elven Halls.
 42920 | Orc:2    | Paralysed by an orc sorcerer for 7 turns
 42929 | Orc:2    | Paralysed by an orc sorcerer for 3 turns
 43816 | Orc:2    | Found Ixezecig's Book Shop.
 43816 | Orc:2    | Found Uxzutugh's Magic Scroll Emporium.
 43818 | Orc:2    | Found Xomam's General Store.
 43818 | Orc:2    | Found Qaycry's Magic Scroll Emporium.
 43887 | Orc:2    | Bought a scroll of enchant weapon for 105 gold pieces
 43887 | Orc:2    | Bought a scroll of brand weapon for 280 gold pieces
 43887 | Orc:2    | Bought a scroll of teleportation for 42 gold pieces
 43887 | Orc:2    | Bought a scroll of enchant armour for 105 gold pieces
 43887 | Orc:2    | Bought a scroll of identify for 28 gold pieces
 43887 | Orc:2    | Bought a scroll of identify for 28 gold pieces
 43887 | Orc:2    | Bought a scroll of identify for 28 gold pieces
 43897 | Orc:2    | Bought a scroll of enchant armour for 112 gold pieces
 43897 | Orc:2    | Bought a scroll of teleportation for 45 gold pieces
 43897 | Orc:2    | Bought a scroll of enchant armour for 112 gold pieces
 43897 | Orc:2    | Bought a scroll of fear for 52 gold pieces
 43897 | Orc:2    | Bought a scroll of enchant weapon for 112 gold pieces
 43953 | Orc:2    | Bought a scroll of silence for 127 gold pieces
 43953 | Orc:2    | Bought a scroll of enchant armour for 127 gold pieces
 43953 | Orc:2    | Bought a scroll of magic mapping for 59 gold pieces
 43953 | Orc:2    | Bought a scroll of magic mapping for 59 gold pieces
 44766 | D:11     | Found a portal to a secret trove of treasure.
 45474 | D:11     | Found a portal to a secret trove of treasure.
 45638 | D:12     | Reached XP level 16. HP: 132/139 MP: 25/25
 46901 | D:13     | Noticed Nessos
 46913 | D:13     | Killed Nessos
 49482 | D:14     | Found a gate to the Vaults.
 50430 | D:14     | Found a runed translucent gate.
 50430 | D:14     | Found a runed translucent gate.
 50430 | D:14     | Found a runed translucent gate.
 50430 | D:14     | Found an ancient bone altar of Kikubaaqudgha.
 50430 | D:14     | Noticed Lerchi's ghost (journeyman TrMo)
 50430 | D:14     | Noticed Raquercha's ghost (journeyman GrFi)
 50430 | D:14     | Noticed Lerchi's ghost (journeyman TrMo)
 50431 | D:14     | Noticed a lich
 50431 | D:14     | Noticed a lich
 50465 | D:15     | Entered Level 15 of the Dungeon
 50547 | D:15     | Found Akeuheir's Book Shoppe.
 50737 | D:7      | Bought Cerebov's Volume of Ignition for 440 gold pieces
 50744 | D:7      | Learned a level 6 spell: Starburst
 51262 | D:15     | Reached skill level 16 in Fire Magic
 51687 | D:15     | Acquired the +3 pair of gauntlets of War {Slay+5}
 51687 | D:15     | Found the +3 pair of gauntlets of War {Slay+5}
 52744 | D:15     | Found a staircase to the Depths.
 52764 | D:15     | Found an iron altar of Okawaru.
 54208 | Snake:1  | Entered Level 1 of the Snake Pit
 54626 | Snake:1  | Noticed Mlioglotl
 54634 | Snake:1  | Noticed a tentacled starspawn
 54986 | Snake:1  | Noticed a tentacled starspawn
 54987 | Snake:1  | Killed Mlioglotl
 55429 | Snake:1  | Noticed Agnes
 55437 | Snake:1  | Killed Agnes
 56078 | Snake:1  | Noticed Aizul
 56094 | Snake:1  | Killed Aizul
 57721 | Snake:2  | Reached skill level 17 in Fire Magic
 57742 | Snake:2  | Reached XP level 17. HP: 60/146 MP: 4/30
 58677 | Snake:2  | Found Ogen's General Store.
 58679 | Snake:2  | Found Yludghaif's Antique Weapon Emporium.
 58934 | Snake:2  | Found Etemyakk's Assorted Antiques.
 58942 | Snake:2  | Bought a scroll of acquirement for 1092 gold pieces
 60263 | Snake:3  | Acquired 748 gold pieces
 60314 | Snake:2  | Bought a condenser vane for 840 gold pieces
 60335 | Snake:3  | Noticed Kirke
 61080 | Snake:3  | Noticed Vashnia
 61388 | Snake:3  | Killed Kirke
 61688 | Snake:3  | Reached skill level 18 in Fire Magic
 62545 | Snake:3  | Killed Vashnia
 62546 | Snake:3  | Reached skill level 15 in Conjurations
 64881 | Snake:4  | Entered Level 4 of the Snake Pit
 65049 | Snake:3  | Reached skill level 5 in Stealth
 66035 | Snake:4  | Found Wosodui's Armour Boutique.
 66127 | Snake:3  | HP: 7/148 [poisoned by naga mage (concentrated venom)]
 66131 | Snake:3  | HP: 3/148 [poisoned by naga mage (concentrated venom)]
 68519 | Snake:4  | Found a large runed translucent door.
 68519 | Snake:4  | Found a large runed translucent door.
 68521 | Snake:4  | Noticed ma3's ghost (adept HOBr)
 68521 | Snake:4  | Found the +7 lajatang of Order {silver, rMut}
 69593 | Snake:4  | Identified the +8 longbow "Dragonbane" {freeze, rF+}
 71253 | Snake:4  | Reached XP level 18. HP: 141/159 MP: 19/31
 72007 | Snake:4  | Reached skill level 10 in Dodging
 72757 | Snake:4  | Got a serpentine rune of Zot
 73238 | Vaults:1 | Entered Level 1 of the Vaults
 73257 | Vaults:1 | Reached skill level 15 in Fighting
 73618 | Vaults:1 | Found a crumbling gateway.
 73649 | Desolati | Entered the Desolation of Salt
 74013 | Desolati | HP: 5/147 [crystal guardian/crystal bolt (4)]
 75036 | D:14     | Killed a lich
 75043 | D:14     | Killed a lich
 76041 | Vaults:1 | Learned a level 8 spell: Ignition
 77230 | Vaults:1 | Reached skill level 10 in Spellcasting
 78086 | Vaults:1 | Reached skill level 19 in Fire Magic
 79904 | Vaults:2 | Paralysed by a great orb of eyes for 4 turns
 80327 | Vaults:2 | Reached XP level 19. HP: 168/170 MP: 33/33
 80596 | Vaults:2 | Found a staircase to the Crypt.
 80596 | Vaults:2 | Found an ancient bone altar of Kikubaaqudgha.
 80597 | Vaults:2 | Found a basalt altar of Yredelemnul.
 80606 | Vaults:2 | Identified the +8 morningstar "Yckuib" {freeze, +Blink
                  | rPois Dex+2 SInv}
 81759 | Vaults:2 | Reached skill level 20 in Fire Magic
 83068 | Spider:1 | Entered Level 1 of the Spider Nest
 86449 | Spider:2 | HP: 6/170 [ghost moth (7)]
 87398 | Spider:2 | Reached skill level 21 in Fire Magic
 89272 | Spider:3 | Reached skill level 5 in Evocations
 90697 | Spider:4 | Entered Level 4 of the Spider Nest
 93286 | Spider:4 | Reached XP level 20. HP: 170/172 MP: 6/34
 94712 | Spider:3 | Gained mutation: Your magical capacity is low. (-10% MP)
                  | [mutagenic glow]
 95091 | Spider:4 | Noticed Arachne
 95109 | Spider:4 | Killed Arachne
 97681 | Spider:4 | Got a gossamer rune of Zot
 98634 | Vaults:3 | Got the Reference Book on Floating Cold
 99196 | Vaults:3 | Killed from afar by an ironbound frostheart

Illustrated notes

Levels and vault maps discovered:
D:1:      saegor_arrival_under_anarchy, layout_basic,
          hellmonk_ecumenical_altar_run_dry, minmay_hedge_maze, hex_tiny,
          minmay_misc_feat_four_crosses, st_stairs_13, minmay_cupped
D:2:      layout_basic, basic_altar
D:3:      layout_loops_ring, ebering_ghost_gozag, uniq_grinder
D:4:      layout_basic, enter_ossuary_4, serial_shops, shop,
          grunt_decor_resistance, grunt_decor_mini_mirrors
D:5:      layout_loops_corners, minmay_temple_entry_statues_pillars,
          corner_web_ring, uniq_crazy_yiuf_cottage
D:6:      layout_layer_cave, mainiacjoe_overflow_chevrons
D:7:      layout_rooms, nicolae_shop_fire_sale [nicolae_sub_dead_trees]
D:8:      layout_loops_ring, doesnt_shop_hydraphobe
D:9:      layout_long_grid, erik_lair_dragon
D:10:     nzn_motion_control, layout_long_grid, hiddenorc2_lemuel, serial_shops,
          nicolae_shop_trees, grunt_ministairs_4, disabler_island
D:11:     layout_stronghold, nicolae_trove_entry_path_of_doom, nzn_life_drinkers
D:12:     layout_loops_ring, minmay_misc_feat_nine_boxes
D:13:     layout_loops_cross, uniq_nessos
D:14:     layout_big_octagon, david_vaults_1, minmay_misc_feat_more_columns,
          gammafunk_ghost_crypt
D:15:     hangedman_depths_entry_civil_slaughter, layout_layer_cave,
          okawaru_ov_weapons_minmay, serial_shops, nicolae_shop_waterfront,
          minmay_misc_feat_rugged
Lair:1:   layout_layer_cave, cheibrodos_lair_reptile_den, grunt_megastairs_2,
          uniq_joseph
Lair:2:   nzn_winding_woodlands_huge [nzn_winding_woodlands_5x15_crooked,
          nzn_winding_woodlands_5x15_jagged,
          nzn_winding_woodlands_5x15_longhouse,
          nzn_winding_woodlands_5x15_parted, nzn_winding_woodlands_5x15_twine,
          nzn_winding_woodlands_5x15_cabin,
          nzn_winding_woodlands_5x15_split_checker,
          nzn_winding_woodlands_5x15_pool,
          nzn_winding_woodlands_5x15_river_crossing,
          nzn_winding_woodlands_5x15_garden,
          nzn_winding_woodlands_center_garden,
          nzn_winding_woodlands_center_lodge,
          nzn_winding_woodlands_15x15_killbox], layout_chaotic_city,
          dummy_spider_entry, minmay_stone_trees_medium
Lair:3:   layout_loops_ring, bh_autumn_forest_stairs, lemuel_fruit_fields
Lair:4:   layout_gridlike, chequers_serial_rivers_large_a, hibernation_bobbens,
          lemuel_fruit_fields, uniq_rupert, uniq_nergalle
Lair:5:   layout_concentric_octagons, serial_bayou_shore_b
Lair:6:   minmay_lair_end_frog_pond, layout_regular_city,
          dpeg_slime_entry_corner
Snake:1:  layout_grid_shapes, uniq_aizul, uniq_agnes, uniq_mlioglotl
Snake:2:  layout_layer_cave, grunt_megastairs_3, serial_bayou_shore_a,
          minmay_shop_star
Snake:3:  nicolae_snake_crotalidae_crossing, layout_layer_cave, uniq_kirke,
          uniq_vashnia
Snake:4:  snake_pit_salamanders_mu, layout_onion, ebering_ghost_disaster_area,
          serial_shops, nicolae_shop_crystal, nicolae_snake_gridmaze_swirls,
          nicolae_snake_yet_another_twisty_hallway
Spider:1: layout_spider_delve
Spider:2: layout_spider_delve, nicolae_spider_bug_shape
Spider:3: layout_chambers, nicolae_spider_scorpion_nest,
          hangedman_spider_tarantella_strand
Spider:4: grunt_spider_rune_circles, hangedman_spider_mandibles, drop_trap,
          uniq_arachne
Orc:1:    layout_diamond_mine, uniq_maurice
Orc:2:    grunt_orc_tribal_feast, layout_diamond_mine, serial_shops,
          nicolae_shop_hallway_stairs
Vaults:1: portal_desolation_entry_salt, v_misc_26, vaults_standard_mumra_x,
          vaults_room_glass_cross, v_misc_4, ontoclasm_vaults_twist,
          layout_vaults_omnigrid
Vaults:2: nicolae_vaults_branching_niches, hangedman_vaults_stagger,
          v_alt_pattern_1, nicolae_vaults_network_quincunx
          [nicolae_vaults_network_quincunx_subvault,
          nicolae_vaults_network_quincunx_subvault,
          nicolae_vaults_network_quincunx_subvault,
          nicolae_vaults_network_quincunx_subvault,
          nicolae_vaults_network_quincunx_subvault], ontoclasm_vaults_chip,
          minmay_crypt_entry_necro_gods, nicolae_vaults_border_crossing,
          v_pattern_2, vaults_dpeg_hooks, vaults_dpeg_diagonal,
          ontoclasm_vaults_decontamination, layout_vaults_chaotic_city
Vaults:3: vaults_room_hallway, v_misc_11, grunt_vaults_twisty, v_misc_15,
          hangedman_vaults_nodes, st_octagons_1, ontoclasm_vaults_misaligned,
          nicolae_vaults_little_squares_1, serial_ice_h, vaults_room_door_hall,
          layout_vaults_omnicross

Skill      XL: |  1  2  3  4  5  6  7  8  9 10 11 12 13 14 15 16 17 18 19 20 |
---------------+-------------------------------------------------------------+-----
Maces & Flails | 4 5 6 7 11 14 16 | 16.0
Stealth        | 1 2 4 6 8 |  8.0
Dodging        | 1 2 4 6 7 8 9 10 11 | 11.2
Shields        | 1 3 4 |  4.0
Fighting       | 4 6 8 9 10 11 12 13 15 16 | 16.0
Fire Magic     | 5 8 9 10 12 13 15 17 18 19 21 | 21.0
Spellcasting   | 3 4 5 6 9 10 | 10.0
Conjurations   | 2 4 5 7 10 11 12 13 15 16 18 | 18.0
Evocations     | 4 8 |  8.5

Action                   |  1- 3 |  4- 6 |  7- 9 | 10-12 | 13-15 | 16-18 | 19-21 || total
-------------------------+-------+-------+-------+-------+-------+-------+-------++-------
Melee: Mace              |    97 |   174 |   203 |   375 |   292 |       |       ||  1141
       Tailslap          |     4 |    14 |    14 |    42 |    84 |   160 |   106 ||   424
       War axe           |       |       |       |    17 |    20 |       |       ||    37
       Morningstar       |       |       |       |       |   571 |  1265 |   808 ||  2644
Throw: Dart              |       |     5 |    13 |    17 |       |     3 |       ||    38
 Cast: Scorch            |    13 |    45 |    83 |    91 |   110 |   126 |    46 ||   514
       Foxfire           |       |       |    17 |    15 |    19 |    22 |    14 ||    87
       Sticky Flame      |       |       |     8 |    71 |   154 |   193 |    81 ||   507
       Flame Wave        |       |       |     5 |    17 |     9 |     2 |       ||    33
       Conjure Flame     |       |       |       |     5 |       |     1 |       ||     6
       Fireball          |       |       |       |     7 |    72 |   176 |    75 ||   330
       Inner Flame       |       |       |       |       |     3 |       |       ||     3
       Starburst         |       |       |       |       |       |    52 |    48 ||   100
       Ignition          |       |       |       |       |       |     1 |       ||     1
Invok: Fiery Armour      |       |       |       |       |       |     1 |       ||     1
 Abil: Breathe Fire      |       |       |     1 |     1 |       |       |       ||     2
Evoke: Wand              |       |       |       |     6 |     1 |     7 |     6 ||    20
       Box of beasts     |       |       |       |     1 |     2 |     3 |     2 ||     8
       Condenser vane    |       |       |       |       |       |     3 |     2 ||     5
  Use: Scroll            |     1 |    11 |     6 |     8 |    11 |     5 |     2 ||    44
       Potion            |       |       |       |     2 |     8 |     6 |     3 ||    19
 Stab: Paralysed         |       |       |       |     2 |       |     3 |     2 ||     7
       Sleeping          |       |       |       |       |     2 |     4 |     4 ||    10
       Distracted        |       |       |       |       |       |     1 |     2 ||     3
Armor: Skin              |    29 |    53 |    51 |   136 |   239 |   526 |   483 ||  1517
Dodge: Dodged            |    52 |    85 |    87 |   167 |   464 |   629 |   530 ||  2014
Block: Other             |     9 |    36 |     4 |       |       |       |       ||    49
       Reflection        |       |     1 |     2 |     6 |     4 |    47 |     6 ||    66
       Buckler           |       |       |    82 |   181 |   380 |   485 |   467 ||  1595

Table legend: (Time is in decaauts)
 A = Elapsed time spent in this place.
 B = Non-inter-level travel time spent in this place.
 C = Inter-level travel time spent in this place.
 D = Time resting spent in this place.
 E = Time spent auto-exploring this place.
 F = Levels seen in this place.
 G = Mean time per level.
                   A        B        C        D        E       F      G
               +--------+--------+--------+--------+--------+-----+--------+
         Total |  98666 |  92087 |   6579 |  42919 |  37275 |  36 | 2740.7 |
       Dungeon |  32586 |  29638 |   2948 |   9144 |  16811 |  15 | 2172.4 |
          Lair |  19657 |  18298 |   1359 |   8997 |   7284 |   6 | 3276.2 |
     Snake Pit |  17578 |  16575 |   1003 |   9671 |   4813 |   4 | 4394.5 |
   Spider Nest |  14298 |  13727 |    571 |   8272 |   4024 |   4 | 3574.5 |
  Orcish Mines |   5275 |   5016 |    259 |   2826 |   1219 |   2 | 2637.5 |
        Vaults |   8518 |   8081 |    437 |   3739 |   3109 |   3 | 2839.3 |
       Ossuary |    381 |    381 |      0 |    108 |     14 |   1 |  381.0 |
    Desolation |    370 |    370 |      0 |    161 |      0 |   1 |  370.0 |
               +--------+--------+--------+--------+--------+-----+--------+

Top non-repeatable levels by time:
  Lair:2: 7027 daAuts
Spider:3: 6869 daAuts
 Snake:4: 6750 daAuts
 Snake:3: 5711 daAuts
   Orc:2: 4295 daAuts
Vaults:1: 4287 daAuts
    D:10: 4077 daAuts
 Snake:2: 3749 daAuts
     D:9: 3653 daAuts
Vaults:2: 3521 daAuts
    D:11: 3450 daAuts
Spider:4: 3164 daAuts
    D:14: 3082 daAuts
  Lair:1: 2924 daAuts
  Lair:6: 2728 daAuts
